 Seeded DCSS version 0.27-a0-650-g8dd3ea4f36 (webtiles) character file.

Game seed: 314159265359 (custom seed)

151 Snicker the Sneak (level 5, 0/38 HPs)
             Began as a Demonspawn Brigand on Mar 16, 2021.
             Slain by Natasha (9 damage)
             ... on level 2 of the Dungeon.
             The game lasted 00:01:54 (1642 turns).

Snicker the Sneak (Demonspawn Brigand)              Turns: 1642, Time: 00:01:55

Health: 0/38       AC:  4    Str: 11    XL:     5   Next: 10%
Magic:  5/5        EV: 12    Int: 12    God:
Gold:   70         SH:  0    Dex: 16    Spells: 4/4 levels left

rFire    . . .     SeeInvis .   a - +2 dagger
rCold    . . .     Faith    .   (no shield)
rNeg     . . .     Spirit   .   b - +0 robe
rPois    .         Reflect  .   (no helmet)
rElec    .         Harm     .   c - +0 cloak
rCorr    .         Rampage  .   t - +0 pair of gloves
Will     .....                  (no boots)
Stlth    +++.......             (no amulet)
HPRegen  0.12/turn              h - +4 ring of slaying
MPRegen  0.09/turn              (no ring)

@: slowed, very slow
A: foul stench 1, powered by death 1
a: no special abilities


You were on level 2 of the Dungeon.
You visited 1 branch of the dungeon, and saw 2 of its levels.

You collected 70 gold pieces.

Inventory:

Hand Weapons
 a - a +2 dagger (weapon)
Missiles
 d - 8 poisoned darts (quivered)
 e - 2 curare-tipped darts
Armour
 b - a +0 robe (worn)
 c - a +0 cloak (worn)
 t - a +0 pair of gloves (worn)
Jewellery
 h - a +4 ring of slaying (right hand)
Wands
 q - a wand of flame (15)
Scrolls
 f - a scroll of blinking {unknown}
 g - a scroll of magic mapping {unknown}
 i - a scroll of immolation {unknown}
 j - a scroll of identify {unknown}
 k - a scroll of fear {unknown}
 l - 2 scrolls of enchant armour {unknown}
 p - a scroll of noise {unknown}
 s - a scroll of teleportation {unknown}
Potions
 m - a potion of curing
 n - a potion of invisibility {unknown}
 o - a potion of flight {unknown}
 r - a potion of berserk rage {unknown}


   Skills:
 + Level 2.2 Fighting
 * Level 2.9 Short Blades
 + Level 1.8 Throwing
 + Level 1.0 Dodging
 * Level 5.4 Stealth


You had 4 spell levels left.
You didn't know any spells.
Your spell library was empty.

Dungeon Overview and Level Annotations

Branches:
Dungeon (2/15)

Altars:
Fedhas
Nemelex Xobeh

Annotations:
D:2 1 runed translucent door, Crazy Yiuf, Natasha


Innate Abilities, Weirdness & Mutations

You may rarely emit foul miasma when damaged in melee.
You regenerate a little health from kills.


Message History

An ooze and Natasha come into view.
Natasha hisses angrily.
Natasha stares at you and mumbles some strange words.
You feel yourself slow down.
Natasha stares at you and mumbles some strange words.
The magic dart hits you.
A goblin comes into view. It is wielding a +0 club.
The goblin shouts!
Found 29 stones.
A bat comes into view.
Natasha stares at you and mumbles some strange words.
The magic dart hits you. Natasha casts a spell at you. The magic dart hits you.
The ooze quivers.
A bat comes into view.
Natasha closely misses you. The goblin hits you with a +0 club.
The bat moves out of view.
You puncture Natasha!
Natasha is heavily wounded.
Natasha claws you but does no damage. The goblin hits you with a +0 club.
You closely miss Natasha.
Natasha is heavily wounded.
Natasha claws you. The ooze hits you but does no damage.
The goblin completely misses you. Natasha claws you but does no damage.
The bat hits you but does no damage.
You hit Natasha but do no damage.
Natasha is heavily wounded.
The bat hits you. The bat hits you but does no damage. The ooze hits you.
You emit a cloud of foul miasma!
The goblin hits you with a +0 club.
* * * LOW HITPOINT WARNING * * *
Natasha wildly gestures.
You feel troubled. Natasha claws you.
* * * LOW HITPOINT WARNING * * *
It was a potion of curing.
You feel better. The ooze closely misses you.
The goblin hits you with a +0 club.
* * * LOW HITPOINT WARNING * * *
The bat closely misses you. Natasha claws you!
You die...

.......) ..............
....##.. #.............
....#### #............#
#....... ............#
#....... ###..........#
####.... ...).........#
........
........Jg...##..........
......?.@h...##..........
.........b...............
###......................
####....####(............
#..........####..........
#........................
#........................
#....................##..
#....................#...


You could see Natasha, an ooze, a goblin and a bat.

Vanquished Creatures
  Jessica (D:2)
  A worker ant (D:2)
  Natasha (twice) (D:2)
  2 adders (D:2)
  A leopard gecko (D:2)
  A ball python (D:1)
  3 bats
  A giant cockroach (D:2)
  8 hobgoblins
  3 jackals (D:1)
  2 frilled lizards (D:2)
  A goblin (D:2)
  A kobold (D:1)
  6 rats
33 creatures vanquished.

Notes
Turn   | Place    | Note
-------+----------+-------------------------------------------
     0 | D:1      | Snicker the Demonspawn Brigand began the quest for the Orb.
     0 | D:1      | Reached XP level 1. HP: 16/16 MP: 1/1
   167 | D:1      | Reached skill level 4 in Stealth
   316 | D:1      | Gained mutation: You regenerate a little health from kills.
                  | [demonic ancestry]
   316 | D:1      | Reached XP level 2. HP: 22/22 MP: 2/2
   457 | D:1      | Found a sparkling altar of Nemelex Xobeh.
   951 | D:2      | Gained mutation: You may rarely emit foul miasma when
                  | damaged in melee. [demonic ancestry]
   951 | D:2      | Reached XP level 3. HP: 14/27 MP: 3/3
  1114 | D:2      | Noticed Natasha
  1116 | D:2      | Killed Natasha
  1117 | D:2      | Reached skill level 1 in Dodging
  1117 | D:2      | Reached XP level 4. HP: 33/33 MP: 4/4
  1170 | D:2      | Reached skill level 5 in Stealth
  1190 | D:2      | Noticed Jessica
  1193 | D:2      | Killed Jessica
  1228 | D:2      | Found a blossoming altar of Fedhas.
  1392 | D:2      | Noticed Natasha
  1397 | D:2      | Killed Natasha
  1398 | D:2      | Reached XP level 5. HP: 36/38 MP: 5/5
  1600 | D:2      | Found a runed translucent door.
  1601 | D:2      | Noticed Crazy Yiuf
  1634 | D:2      | Noticed Natasha
  1642 | D:2      | Slain by Natasha

Illustrated notes

Levels and vault maps discovered:
D:1:      evilmike_arrival_fibonacci_small, layout_basic,
          nemelex_diamond_rough_becter
D:2:      layout_basic, fedhas_ov_isle_minmay, uniq_jessica, uniq_natasha,
          uniq_crazy_yiuf_cottage

Skill      XL: |  1  2  3  4 |
---------------+-------------+-----
Stealth        | 4 5 |  5.4
Short Blades   | 2 |  2.9
Dodging        | 1 |  1.0
Fighting       | |  2.2
Throwing       | |  1.8

Action                   |  1- 3 |  4- 6 || total
-------------------------+-------+-------++-------
Melee: Dagger            |    40 |    30 ||    70
  Use: Potion            |       |     1 ||     1
 Stab: Sleeping          |     6 |     7 ||    13
Armor: Robe              |     6 |     8 ||    14
Dodge: Dodged            |    22 |    16 ||    38

Table legend: (Time is in decaauts)
 A = Elapsed time spent in this place.
 B = Non-inter-level travel time spent in this place.
 C = Inter-level travel time spent in this place.
 D = Time resting spent in this place.
 E = Time spent auto-exploring this place.
 F = Levels seen in this place.
 G = Mean time per level.
                   A        B        C        D        E       F      G
               +--------+--------+--------+--------+--------+-----+--------+
         Total |   1635 |   1632 |      3 |    148 |   1227 |   2 |  817.5 |
       Dungeon |   1635 |   1632 |      3 |    148 |   1227 |   2 |  817.5 |
               +--------+--------+--------+--------+--------+-----+--------+

Top non-repeatable levels by time:
     D:1: 920 daAuts
     D:2: 715 daAuts
